| TOP OF THE 1ST |
|
Columbus Jets batting - Pitching for Louisville Stallions : RHP Sal Velazquez
|
|
Pitching: RHP Sal Velazquez
|
|
|
Batting: LHB Craig Brooks
|
0-0: Called Strike 0-1: Foul Ball, location: 2F 0-2: Ball 1-2: Foul Ball, location: 2F 1-2: Ball 2-2: Ground out 6-3 (Groundball, 6, EV 85.0 MPH)
|
|
Batting: RHB Greg Schultz
|
0-0: Ball 1-0: Ball 2-0: Called Strike 2-1: Ground out 6-3 (Groundball, 6M, EV 95.0 MPH)
|
|
Batting: RHB Danny Tartabull
|
0-0: Ball 1-0: DOUBLE (Line Drive, 78M, EV 102.5 MPH)
|
|
Batting: LHB Larry Sheets
|
0-0: Ball 1-0: Called Strike 1-1: Ball 2-1: Ball 3-1: Called Strike 3-2: Ground out 5-3 (Groundball, 56, EV 85.0 MPH)
|
| Top of the 1st over - 0 runs, 1 hit, 0 errors, 1 left on base; Columbus 0 - Louisville 0 |
| BOTTOM OF THE 1ST |
|
Louisville Stallions batting - Pitching for Columbus Jets : RHP Gabriel Franqui
|
|
Pitching: RHP Gabriel Franqui
|
|
|
Batting: SHB Harry Chappas
|
0-0: Foul Ball, location: 2F 0-1: Called Strike 0-2: Ball 1-2: Ball 2-2: Ground out 6-3 (Groundball, P, EV 88.1 MPH)
|
|
Batting: LHB Mauricio Gracia
|
0-0: Called Strike 0-1: Called Strike 0-2: Foul Ball, location: 2F 0-2: Fly out, F3 (Line Drive, 3, EV 73.1 MPH)
|
|
Batting: LHB Ted May
|
0-0: Called Strike 0-1: Ball 1-1: Ground out 6-3 (Groundball, 6, EV 104.4 MPH)
|
| Bottom of the 1st over - 0 runs, 0 hits, 0 errors, 0 left on base; Columbus 0 - Louisville 0 |
| TOP OF THE 2ND |
|
Columbus Jets batting - Pitching for Louisville Stallions : RHP Sal Velazquez
|
|
Batting: RHB Jim Maler
|
0-0: Foul Ball, location: 2F 0-1: Swinging Strike 0-2: Strikes out looking
|
|
Batting: RHB Michael Ventress
|
0-0: Ball 1-0: Foul Ball, location: 2F 1-1: Ground out 6-3 (Groundball, 6, EV 101.9 MPH)
|
|
Batting: RHB Glenn Goya
|
0-0: Called Strike 0-1: Ground out U3 (Groundball, 3, EV 91.9 MPH)
|
| Top of the 2nd over - 0 runs, 0 hits, 0 errors, 0 left on base; Columbus 0 - Louisville 0 |
| BOTTOM OF THE 2ND |
|
Louisville Stallions batting - Pitching for Columbus Jets : RHP Gabriel Franqui
|
|
Batting: SHB Orestes Destrade
|
0-0: Called Strike 0-1: Ball 1-1: Ground out 1-3 (Groundball, 13S, EV 70.6 MPH)
|
|
Batting: LHB Lawrence Grahek
|
0-0: Ball 1-0: Foul Ball, location: 2F 1-1: Ground out 6-3 (Groundball, 56, EV 84.4 MPH)
|
|
Batting: LHB Steven Mobberley
|
0-0: SINGLE (Groundball, 4MD, EV 115.6 MPH)
|
|
Batting: RHB Kelly Heath
|
0-0: Ball 1-0: Swinging Strike 1-1: Foul Ball, location: 2F 1-2: Ball 2-2: Strikes out swinging
|
| Bottom of the 2nd over - 0 runs, 1 hit, 0 errors, 1 left on base; Columbus 0 - Louisville 0 |
| TOP OF THE 3RD |
|
Columbus Jets batting - Pitching for Louisville Stallions : RHP Sal Velazquez
|
|
Batting: RHB Ray Smith
|
0-0: Ball 1-0: Ground out 6-3 (Groundball, 6, EV 80.6 MPH)
|
|
Batting: RHB Jackie Gutierrez
|
0-0: Called Strike 0-1: Ball 1-1: Foul Ball, location: 2F 1-2: Strikes out looking
|
|
Batting: LHB Craig Brooks
|
0-0: Ball 1-0: Foul Ball, location: 2F 1-1: Fly out, F8 (Line Drive, 8RM, EV 98.1 MPH)
|
| Top of the 3rd over - 0 runs, 0 hits, 0 errors, 0 left on base; Columbus 0 - Louisville 0 |
| BOTTOM OF THE 3RD |
|
Louisville Stallions batting - Pitching for Columbus Jets : RHP Gabriel Franqui
|
|
Batting: RHB Stephen Dembowski
|
0-0: Called Strike 0-1: SINGLE (Groundball, 3D, EV 103.8 MPH)
|
|
Batting: RHB Gordy Hodgson
|
0-0: Ball 1-0: Ball 2-0: Called Strike 2-1: Foul Ball, location: 2F 2-2: Foul Ball, location: 2F 2-2: Foul Ball, location: 2F 2-2: Foul Ball, location: 2F 2-2: Fly out, F8 (Flyball, 89D, EV 98.1 MPH)
|
|
Batting: SHB Harry Chappas
|
0-0: Called Strike 0-1: 2-RUN HOME RUN (Flyball, 9D, EV 90.6 MPH), Distance : 371 ft
|
|
Batting: LHB Mauricio Gracia
|
0-0: Ground out 5-3 (Groundball, 56, EV 80.6 MPH)
|
|
Batting: LHB Ted May
|
0-0: Foul Ball, location: 2F 0-1: Ball 1-1: Foul Ball, location: 2F 1-2: Foul Ball, location: 2F 1-2: Strikes out swinging
|
| Bottom of the 3rd over - 2 runs, 2 hits, 0 errors, 0 left on base; Columbus 0 - Louisville 2 |
| TOP OF THE 4TH |
|
Columbus Jets batting - Pitching for Louisville Stallions : RHP Sal Velazquez
|
|
Batting: RHB Greg Schultz
|
0-0: Ball 1-0: Ball 2-0: Ground out 5-3 (Groundball, 56S, EV 83.8 MPH)
|
|
Batting: RHB Danny Tartabull
|
0-0: SINGLE (Line Drive, 6D, EV 93.8 MPH)
|
|
Batting: LHB Larry Sheets
|
0-0: Called Strike Danny Tartabull is caught stealing 2nd base 2-6 0-1: Fly out, F9 (Flyball, 9, EV 83.8 MPH)
|
| Top of the 4th over - 0 runs, 1 hit, 0 errors, 0 left on base; Columbus 0 - Louisville 2 |
| BOTTOM OF THE 4TH |
|
Louisville Stallions batting - Pitching for Columbus Jets : RHP Gabriel Franqui
|
|
Batting: SHB Orestes Destrade
|
0-0: Swinging Strike 0-1: Ball 1-1: Ball 2-1: Called Strike 2-2: Ball 3-2: Foul Ball, location: 2F 3-2: Strikes out swinging
|
|
Batting: LHB Lawrence Grahek
|
0-0: Ball 1-0: Swinging Strike 1-1: Swinging Strike 1-2: Strikes out swinging
|
|
Batting: LHB Steven Mobberley
|
0-0: Ball 1-0: Swinging Strike 1-1: Ball 2-1: Called Strike 2-2: Foul Ball, location: 2F 2-2: Strikes out looking
|
| Bottom of the 4th over - 0 runs, 0 hits, 0 errors, 0 left on base; Columbus 0 - Louisville 2 |
| TOP OF THE 5TH |
|
Columbus Jets batting - Pitching for Louisville Stallions : RHP Sal Velazquez
|
|
Batting: RHB Jim Maler
|
0-0: Foul Ball, location: 2F 0-1: Ball 1-1: Foul Ball, location: 2F 1-2: Strikes out swinging
|
|
Batting: RHB Michael Ventress
|
0-0: Ball 1-0: Fly out, F8 (Flyball, 8LS, EV 84.4 MPH)
|
|
Batting: RHB Glenn Goya
|
0-0: Foul Ball, location: 2F 0-1: Ball 1-1: Ball 2-1: Ball 3-1: Called Strike 3-2: Strikes out swinging
|
| Top of the 5th over - 0 runs, 0 hits, 0 errors, 0 left on base; Columbus 0 - Louisville 2 |
| BOTTOM OF THE 5TH |
|
Louisville Stallions batting - Pitching for Columbus Jets : RHP Gabriel Franqui
|
|
Batting: RHB Kelly Heath
|
0-0: Ball 1-0: Ball 2-0: Called Strike 2-1: Foul Ball, location: 2F 2-2: Ground out 6-3 (Groundball, 6, EV 82.5 MPH)
|
|
Batting: RHB Stephen Dembowski
|
0-0: Ball 1-0: Swinging Strike 1-1: Swinging Strike 1-2: Foul Ball, location: 2F 1-2: Fly out, F6 (Popup, P, EV 75.6 MPH)
|
|
Batting: RHB Gordy Hodgson
|
0-0: Called Strike 0-1: Ball 1-1: Reached on error, E3 (Groundball, 34, EV 100.0 MPH)
|
|
Batting: SHB Harry Chappas
|
0-0: Ball 1-0: Called Strike 1-1: Fly out, F8 (Line Drive, 8LM, EV 104.4 MPH)
|
| Bottom of the 5th over - 0 runs, 0 hits, 1 error, 1 left on base; Columbus 0 - Louisville 2 |
| TOP OF THE 6TH |
|
Columbus Jets batting - Pitching for Louisville Stallions : RHP Sal Velazquez
|
|
Batting: RHB Ray Smith
|
0-0: Foul Ball, location: 2F 0-1: Foul Ball, location: 2F 0-2: Ball 1-2: Ball 2-2: Strikes out swinging
|
|
Batting: RHB Jackie Gutierrez
|
0-0: Ball 1-0: Foul Ball, location: 2F 1-1: Ball 2-1: Foul Ball, location: 2F 2-2: Strikes out swinging, 2-3 out at first.
|
|
Batting: LHB Craig Brooks
|
0-0: Ground out 6-3 (Groundball, 6MS, EV 72.5 MPH)
|
| Top of the 6th over - 0 runs, 0 hits, 0 errors, 0 left on base; Columbus 0 - Louisville 2 |
| BOTTOM OF THE 6TH |
|
Louisville Stallions batting - Pitching for Columbus Jets : RHP Gabriel Franqui
|
|
Batting: LHB Mauricio Gracia
|
0-0: Called Strike 0-1: Ground out 3-1 (Groundball, 34S, EV 76.3 MPH)
|
|
Batting: LHB Ted May
|
0-0: Ball 1-0: Ball 2-0: Foul Ball, location: 2F 2-1: Foul Ball, location: 2F 2-2: Ball 3-2: Foul Ball, location: 2F 3-2: Ground out 3-1 (Groundball, 34, EV 83.1 MPH)
|
|
Batting: SHB Orestes Destrade
|
0-0: Foul Ball, location: 2F 0-1: Ball 1-1: Swinging Strike 1-2: Ball 2-2: Ball 3-2: Base on Balls
|
|
Batting: LHB Lawrence Grahek
|
0-0: Swinging Strike 0-1: Ball 1-1: Swinging Strike 1-2: Ball 2-2: Foul Ball, location: 2F 2-2: Strikes out swinging
|
| Bottom of the 6th over - 0 runs, 0 hits, 0 errors, 1 left on base; Columbus 0 - Louisville 2 |
| TOP OF THE 7TH |
|
Columbus Jets batting - Pitching for Louisville Stallions : RHP Sal Velazquez
|
|
Batting: RHB Greg Schultz
|
0-0: SINGLE (Flyball, 9S, EV 92.5 MPH)
|
|
Batting: RHB Danny Tartabull
|
0-0: Ball 1-0: Called Strike 1-1: Ball 2-1: Foul Ball, location: 2F 2-2: Ball 3-2: Fly out, F8 (Line Drive, 8LD, EV 109.4 MPH)
|
|
Batting: LHB Larry Sheets
|
0-0: Called Strike 0-1: SINGLE (Line Drive, 5L, EV 94.4 MPH) Greg Schultz to second
|
|
Batting: RHB Jim Maler
|
0-0: Ball 1-0: Called Strike 1-1: Called Strike 1-2: Foul Ball, location: 2F 1-2: Strikes out swinging
|
|
Batting: RHB Michael Ventress
|
0-0: Called Strike 0-1: Fly out, F7 (Line Drive, 7, EV 96.3 MPH)
|
| Top of the 7th over - 0 runs, 2 hits, 0 errors, 2 left on base; Columbus 0 - Louisville 2 |
| BOTTOM OF THE 7TH |
|
Louisville Stallions batting - Pitching for Columbus Jets : RHP Gabriel Franqui
|
|
Batting: LHB Steven Mobberley
|
0-0: Fly out, F8 (Line Drive, 8LD, EV 97.5 MPH)
|
|
Batting: RHB Kelly Heath
|
0-0: Called Strike 0-1: Swinging Strike 0-2: Foul Ball, location: 2F 0-2: Foul Ball, location: 2F 0-2: Strikes out swinging
|
|
Batting: RHB Stephen Dembowski
|
0-0: Called Strike 0-1: Ball 1-1: Ground out 4-3 (Groundball, 4, EV 82.5 MPH)
|
| Bottom of the 7th over - 0 runs, 0 hits, 0 errors, 0 left on base; Columbus 0 - Louisville 2 |
| TOP OF THE 8TH |
|
Columbus Jets batting - Pitching for Louisville Stallions : RHP Sal Velazquez
|
|
Batting: RHB Glenn Goya
|
0-0: Called Strike 0-1: Foul Ball, location: 2F 0-2: Fly out, F7 (Flyball, 7, EV 82.5 MPH)
|
|
Batting: RHB Ray Smith
|
0-0: Called Strike 0-1: Foul Ball, location: 2F 0-2: Fly out, F8 (Line Drive, 8LD, EV 95.0 MPH)
|
|
Batting: RHB Jackie Gutierrez
|
0-0: Ball 1-0: Fly out, F3 (Line Drive, 3, EV 69.4 MPH)
|
| Top of the 8th over - 0 runs, 0 hits, 0 errors, 0 left on base; Columbus 0 - Louisville 2 |
| BOTTOM OF THE 8TH |
|
Louisville Stallions batting - Pitching for Columbus Jets : RHP Gabriel Franqui
|
|
Batting: RHB Gordy Hodgson
|
0-0: Foul Ball, location: 2F 0-1: Ball 1-1: DOUBLE (Flyball, 7LM, EV 94.4 MPH)
|
|
Batting: SHB Harry Chappas
|
0-0: Ball 1-0: Sac Bunt to P - play at first, batter OUT! 1-4 Gordy Hodgson to third
|
|
Batting: LHB Mauricio Gracia
|
0-0: Ball 1-0: Ball 2-0: Called Strike 2-1: Foul Ball, location: 2F 2-2: Strikes out swinging
|
|
Batting: LHB Ted May
|
0-0: Intentional Walk
|
|
Batting: SHB Orestes Destrade
|
0-0: Ball 1-0: Called Strike 1-1: Foul Ball, location: 2F 1-2: Ball 2-2: Strikes out swinging
|
| Bottom of the 8th over - 0 runs, 1 hit, 0 errors, 2 left on base; Columbus 0 - Louisville 2 |
| TOP OF THE 9TH |
|
Columbus Jets batting - Pitching for Louisville Stallions : RHP Sal Velazquez
|
|
Batting: LHB Craig Brooks
|
0-0: Foul Ball, location: 2F 0-1: Ground out 4-3 (Groundball, 34, EV 85.6 MPH)
|
|
Batting: RHB Greg Schultz
|
0-0: Called Strike 0-1: Ball 1-1: Ball 2-1: Fly out, F7 (Flyball, 78XD, EV 101.3 MPH)
|
|
Batting: RHB Danny Tartabull
|
0-0: Ball 1-0: Fly out, F9 (Line Drive, 9, EV 85.6 MPH)
|
| Top of the 9th over - 0 runs, 0 hits, 0 errors, 0 left on base; Columbus 0 - Louisville 2 |
|